 Dungeon Crawl Stone Soup version 0.27-a0-1273-gec92ba881d (webtiles) character file.

Game seed: 2537295937929246634

81 porpoise the Skirmisher (level 4, 0/24 HPs)
             Began as a Vine Stalker Fighter on June 12, 2021.
             Slain by Crazy Yiuf
             ... wielding a +3 quarterstaff of chaos
              (4 damage)
             ... on level 3 of the Dungeon.
             The game lasted 00:05:10 (2093 turns).

porpoise the Skirmisher (Vine Stalker Fighter)      Turns: 2093, Time: 00:05:11

Health: 0/24       AC:  7    Str: 19    XL:     4   Next: 40%
Magic:  0/5        EV:  7    Int:  8    God:
Gold:   123        SH:  9    Dex: 14    Spells: 3/3 levels left

rFire    . . .     SeeInvis .   a - +0 long sword
rCold    + . .     Faith    .   c - +0 kite shield
rNeg     . . .     Spirit   +   l - +0 scale mail
rPois    .         Reflect  .   (no helmet)
rElec    .         Harm     .   (no cloak)
rCorr    +         Rampage  .   (no gloves)
Will     .....                  g - +0 pair of boots
Stlth    ..........             (no amulet)
HPRegen  1.08/turn              i - ring of resist corrosion
MPRegen  0.09/turn              p - ring of protection from cold

@: no status effects
A: fangs 2, regeneration 1, magic shield, antimagic bite, no potion heal 2
a: no special abilities


You were on level 3 of the Dungeon.
You visited 1 branch of the dungeon, and saw 3 of its levels.

You collected 123 gold pieces.

Inventory:

Hand Weapons
 a - a +0 long sword (weapon)
 b - a +0 hunting sling
Missiles
 f - 127 stones (quivered)
 k - 25 sling bullets
 n - 3 boomerangs
 s - 12 arrows
Armour
 c - a +0 kite shield (worn)
 g - a +0 pair of boots (worn)
 l - a +0 scale mail (worn)
Jewellery
 i - a ring of resist corrosion (left hand)
 p - a ring of protection from cold (right hand)
Scrolls
 e - 3 scrolls of teleportation {unknown}
 j - 5 scrolls of identify {unknown}
 m - a scroll of fear {unknown}
 o - a scroll of enchant weapon {unknown}
Potions
 d - a potion of might
 h - 2 potions of curing {unknown}
 q - a potion of brilliance {unknown}
 r - a potion of degeneration {unknown}


   Skills:
 + Level 3.5 Fighting
 + Level 2.7 Long Blades
 - Level 2.7 Armour
 - Level 0.1 Dodging
 - Level 3.0 Shields


You had 3 spell levels left.
You didn't know any spells.
Your spell library was empty.

Dungeon Overview and Level Annotations

Branches:
Dungeon (3/15)

Altars:

Shops:
D:1 ?   D:3 :*

Annotations:
D:3 Crazy Yiuf


Innate Abilities, Weirdness & Mutations

You have extremely sharp teeth.
Your natural rate of healing is unusually fast.
When hurt, damage is shared between your health and your magic reserves.
Your bite disrupts and absorbs the magic of your enemies.
Potions cannot restore your health.


Message History

[Y]es or [N]o only, please.
Really attack while wielding your +0 hunting sling?
Okay, then.
Unknown command.
a - a +0 long sword (weapon)
You hit the fungus but do no damage. You hit the fungus.
The fungus begins to die.
You bite the fungus. You drain its power.
The fungus is lightly damaged.
You hit the fungus. You bite the fungus. You drain its power.
The fungus is lightly damaged.
You hit the fungus. You bite the fungus. You drain its power.
The fungus is lightly damaged.
A nearby fungus withers and dies.
Found a mace.
Found a runed translucent door.
Crazy Yiuf shouts!
Crazy Yiuf yells, "Fluff Xom mumblescurry!"
You open the door. You slash Crazy Yiuf! Your bite misses Crazy Yiuf.
Crazy Yiuf is moderately wounded.
Crazy Yiuf hits you with a +3 quarterstaff of chaos.
You suddenly lose the ability to move!
Crazy Yiuf laughs, "Sif Muna!
Citrus unthinkable arga."
Crazy Yiuf hits you with a +3 quarterstaff of chaos!
Crazy Yiuf draws strength from your wounds!
You can move again.
You closely miss Crazy Yiuf.
Crazy Yiuf is lightly wounded.
You block Crazy Yiuf's attack.
Crazy Yiuf cries, "Fire!"
Crazy Yiuf hits you with a +3 quarterstaff of chaos.
Crazy Yiuf burns you.
You completely miss Crazy Yiuf. You bite Crazy Yiuf, but do no damage.
Crazy Yiuf is lightly wounded.
Crazy Yiuf hits you with a +3 quarterstaff of chaos!
* * * LOW HITPOINT WARNING * * *
You hit Crazy Yiuf but do no damage. You bite Crazy Yiuf, but do no damage.
Crazy Yiuf is lightly wounded.
Crazy Yiuf hits you with a +3 quarterstaff of chaos.
You die...

)..#.....#........<# ..
...###........##.### .. ...#
#........##..# ... ...#
#...########## #####.#
##.###...# #.....#
##.......# ##.>.###
....##...# ### ♣♣##....#
.###.....# #)..#♣♣
♣♣.......## .........#
#...g@♣♣♣♣.P.......#
.####..###
#...#♣..♣..P.......#
#####.#### ###
♣♣♣.♣.P.......### .........#
♣♣♣♣♣###....... .....#####
#....##.. .....####
##############>#####..
........####.......)......##
##.
..<........................#
#.
.........##......[.........#
##.


You could see Crazy Yiuf.

Vanquished Creatures
  3 adders (D:2)
  An orc (D:3)
  3 bats (D:1)
  3 endoplasms
  2 giant cockroaches
  7 goblins
  5 hobgoblins
  8 jackals (D:3)
  A kobold (D:1)
  A quokka (D:1)
  4 ball pythons (D:2)
  2 frilled lizards (D:2)
  5 rats
45 creatures vanquished.

Vanquished Creatures (others)
  A fungus (D:3)
1 creature vanquished.

Grand Total: 46 creatures vanquished

Notes
Turn   | Place    | Note
-------+----------+-------------------------------------------
     0 | D:1      | porpoise the Vine Stalker Fighter began the quest for the
                  | Orb.
     0 | D:1      | Reached XP level 1. HP: 11/11 MP: 2/2
   152 | D:1      | Reached XP level 2. HP: 14/16 MP: 3/3
   266 | D:1      | Found Lohef's Magic Scroll Emporium.
   502 | D:2      | Reached XP level 3. HP: 15/20 MP: 4/4
  1495 | D:2      | Gained mutation: Your natural rate of healing is unusually
                  | fast. [Vine Stalker growth]
  1495 | D:2      | Reached XP level 4. HP: 24/24 MP: 5/5
  1635 | D:3      | Found Jutay's General Store.
  1862 | D:3      | Found Biwathol's Book Emporium.
  2084 | D:3      | Found a runed translucent door.
  2085 | D:3      | Noticed Crazy Yiuf
  2089 | D:3      | Paralysed by Crazy Yiuf for 2 turns
  2093 | D:3      | Slain by Crazy Yiuf

Illustrated notes

Levels and vault maps discovered:
D:1:      scummos_arrival_star, layout_rooms, serial_shops, shop,
          item_on_display_a
D:2:      layout_loops_cross
D:3:      layout_rooms, serial_shops, shop, shop, uniq_crazy_yiuf_cottage

Skill      XL: |  1  2 |
---------------+-------+-----
Long Blades    | 2 |  2.7
Fighting       | 3 |  3.5
Shields        | 3 |  3.0
Armour         | |  2.7
Dodging        | |  0.1

Action                   |  1- 3 |  4- 6 || total
-------------------------+-------+-------++-------
Melee: Long sword        |    67 |    33 ||   100
       Bite              |    19 |    14 ||    33
 Fire: Hunting sling     |     6 |    16 ||    22
Throw: Stone             |     3 |       ||     3
Armor: Scale mail        |    28 |    17 ||    45
Dodge: Dodged            |    27 |    10 ||    37
Block: Kite shield       |    27 |    25 ||    52
       Rpst.: Long sword |    12 |     3 ||    15

Table legend: (Time is in decaauts)
 A = Elapsed time spent in this place.
 B = Non-inter-level travel time spent in this place.
 C = Inter-level travel time spent in this place.
 D = Time resting spent in this place.
 E = Time spent auto-exploring this place.
 F = Levels seen in this place.
 G = Mean time per level.
                   A        B        C        D        E       F      G
               +--------+--------+--------+--------+--------+-----+--------+
         Total |   2143 |   2129 |     14 |    707 |   1052 |   3 |  714.3 |
       Dungeon |   2143 |   2129 |     14 |    707 |   1052 |   3 |  714.3 |
               +--------+--------+--------+--------+--------+-----+--------+

Top non-repeatable levels by time:
     D:2: 1163 daAuts
     D:1: 505 daAuts
     D:3: 474 daAuts
